 Dungeon Crawl Stone Soup version 0.31-a0-844-gdc52ec4e09 (webtiles) character file.

Game seed: 17412555060761824848

51 pop123321pop the Ducker (level 3, -1/19 HPs)
             Began as a Spriggan Fighter on Sept 30, 2023.
             Frozen to death by an endoplasm (5 damage)
             ... on level 2 of the Dungeon.
             The game lasted 00:01:54 (1145 turns).

pop123321pop the Ducker (Spriggan Fighter)          Turns: 1145, Time: 00:01:54

Health: -1/19      AC:  2    Str: 12    XL:     3   Next: 57%
Magic:  4/4        EV: 18    Int:  9    God:
Gold:   31         SH:  5    Dex: 16    Spells: 2/2 levels left

rFire   . . .        a - +0 rapier
rCold   . . .        c - +0 buckler
rNeg    . . .        b - +0 robe
rPois   .            (helmet restricted)
rElec   .            (no cloak)
rCorr   .            (gloves unavailable)
SInv    +            (boots unavailable)
Will    .....        (no amulet)
Stlth   ++           (no ring)
HPRegen 0.23/turn    (no ring)
MPRegen 0.09/turn

%: no passive effects
@: very quick
A: very small, no large weapons, unfitting armour, see invisible, speed 3
a: no special abilities


You were on level 2 of the Dungeon.
You visited 1 branch of the dungeon, and saw 2 of its levels.

You collected 31 gold pieces.

Inventory:

Hand Weapons
 a - a +0 rapier (weapon)
Armour
 b - a +0 robe (worn)
 c - a +0 buckler (worn)
Scrolls
 g - a scroll of torment {unknown}
 h - 2 scrolls of immolation {unknown}
 i - a scroll of vulnerability {unknown}
 j - a scroll of enchant armour {unknown}
Potions
 e - a potion of brilliance {unknown}
 f - 2 potions of cancellation {unknown}


   Skills:
 - Level 2.4 Fighting
 + Level 3.3 Short Blades
 * Level 4.4 Dodging
 - Level 3.0 Stealth
 - Level 2.1 Shields


You had 2 spell levels left.
You didn't know any spells.
Your spell library contained the following spells:

 Spells                   Type           Power      Damage    Failure   Level
 Sandblast                Erth           0%         2d4       50%         1
 Passwall                 Tmut/Erth      0%         N/A       65%         2
 Stone Arrow              Conj/Erth      0%         3d7       86%         3
 Brom's Barrelling Bould  Conj/Erth      0%         2d3       99%         4


Dungeon Overview and Level Annotations

Branches:
Dungeon (2/15)

Altars:

Annotations:
D:2 Robin


Innate Abilities, Weirdness & Mutations

You are very small and have problems with some larger weapons.
You are too small for most types of armour.
You have supernaturally acute eyesight. (SInv)
You cover ground extremely quickly. (Speed+++)


Message History

An endoplasm comes into view.
Robin barely misses you.
The endoplasm quivers.
You hit Robin but do no damage.
Robin is lightly wounded.
Robin barely misses you. You block the bat's attack.
You hit Robin.
Robin is lightly wounded.
The bat misses you. Robin hits you but does no damage.
You completely miss Robin.
Robin is lightly wounded.
The bat misses you. Robin closely misses you. Robin hits you with a +0 club.
You closely miss Robin.
Robin is lightly wounded.
The bat completely misses you. Robin hits you with a +0 club.
You barely miss Robin.
Robin is lightly wounded.
The bat misses you. Robin hits you with a +0 club.
* * * LOW HITPOINT WARNING * * *
You closely miss Robin.
Robin is lightly wounded.
The bat closely misses you. The endoplasm barely misses you.
Robin closely misses you.
You hit Robin.
Robin is lightly wounded.
The bat hits you but does no damage. The bat completely misses you.
The endoplasm barely misses you. Robin hits you with a +0 club.
* * * LOW HITPOINT WARNING * * *
You puncture Robin!
Robin is severely wounded.
You block the bat's attack. The endoplasm misses you. Robin closely misses you.
You hit Robin but do no damage.
Robin is severely wounded.
The bat barely misses you. The endoplasm barely misses you. Robin misses you.
You hit Robin but do no damage.
Robin is severely wounded.
The bat closely misses you. The bat barely misses you.
The endoplasm freezes you.
You are frozen.
You die...

...........
..........###
..........#..
.........#.#
........#.#
#.....#.#
..###.Jg..#<###
.......@..รท...#
.[.....b........#
..............###
......#..........
......####....###
..#### ###### #


You could see Robin, an endoplasm and a bat.

Vanquished Creatures
  A gnoll (D:1)
  An adder (D:1)
  4 ball pythons (D:1)
  A bat (D:1)
  An endoplasm (D:1)
  A giant cockroach (D:1)
  13 goblins
  3 hobgoblins
  A quokka (D:1)
  A frilled lizard (D:1)
  3 kobolds (D:1)
30 creatures vanquished.

Notes
Turn   | Place    | Note
-------+----------+-------------------------------------------
     0 | D:1      | pop123321pop the Spriggan Fighter began the quest for the
                  | Orb.
     0 | D:1      | Reached XP level 1. HP: 11/11 MP: 2/2
    35 | D:1      | Reached skill level 1 in Stealth
   144 | D:1      | Reached XP level 2. HP: 10/16 MP: 3/3
   422 | D:2      | Noticed Robin
   478 | D:1      | Reached XP level 3. HP: 19/19 MP: 4/4
  1145 | D:2      | Frozen to death by an endoplasm

Illustrated notes

Levels and vault maps discovered:
D:1:      amcnicky_arrival_feature_with_door, layout_rooms, hex_medium,
          amethyst_killhole, solitary_fountain, minmay_misc_feat_chi,
          glass_columns_a
D:2:      layout_basic, hellmonk_ecumenical_altar_dog_temple, basic_altar,
          uniq_robin

Skill      XL: |  1  2 |
---------------+-------+-----
Stealth        | 1 3 |  3.0
Short Blades   | 3 |  3.3
Fighting       | |  2.4
Dodging        | |  4.4
Shields        | |  2.1

Action                     || total
---------------------------++-------
  Melee: Rapier            ||   119
    Use: Potion            ||     1
   Stab: Sleeping          ||     3
 Armour: Robe              ||    57
  Dodge: Dodged            ||   129
  Block: Buckler           ||    33

Table legend: (Time is in decaauts)
 A = Elapsed time spent in this place.
 B = Non-inter-level travel time spent in this place.
 C = Inter-level travel time spent in this place.
 D = Time resting spent in this place.
 E = Time spent auto-exploring this place.
 F = Levels seen in this place.
 G = Mean time per level.
                   A        B        C        D        E       F      G
               +--------+--------+--------+--------+--------+-----+--------+
         Total |   1025 |   1013 |     12 |    633 |    151 |   2 |  512.5 |
       Dungeon |   1025 |   1013 |     12 |    633 |    151 |   2 |  512.5 |
               +--------+--------+--------+--------+--------+-----+--------+

Top non-repeatable levels by time:
     D:1: 971 daAuts
     D:2: 54 daAuts
